 Dungeon Crawl Stone Soup version 0.28-a0-980-g3664467d6e (webtiles) character file.

Game seed: 13626903756193987293

133 Peloso the Covered (level 4, 0/36 (41) HPs)
             Began as a Minotaur Fighter on Dec 2, 2021.
             Slain by an orc warrior (8 damage)
             ... on level 4 of the Dungeon.
             The game lasted 00:03:55 (3226 turns).

Peloso the Covered (Minotaur Fighter)               Turns: 3226, Time: 00:03:55

HP:   0/36 (41)     AC:  7    Str: 21    XL:     4   Next: 94%
MP:   3/3           EV:  9    Int:  5    God:
Gold: 155           SH:  4    Dex: 11    Spells: 3/3 levels left

rFire   . . .      SeeInvis .   a - +1 long sword (flame)
rCold   . . .      Faith    .   c - +0 buckler
rNeg    . . .      Spirit   .   b - +0 scale mail
rPois   .          Reflect  .   (helmet restricted)
rElec   .          Harm     .   h - scarf {repulsion}
rCorr   .          Rampage  .   (no gloves)
Will    .....                   (no boots)
Stlth   ..........              (no amulet)
HPRegen 0.12/turn               (no ring)
MPRegen 0.08/turn               (no ring)

@: heavily drained, repel missiles
A: horns 2, retaliatory headbutt
a: no special abilities


You were on level 4 of the Dungeon.
You visited 1 branch of the dungeon, and saw 4 of its levels.

You collected 155 gold pieces.

Inventory:

Hand Weapons
 a - a +1 long sword of flaming (weapon)
Armour
 b - a +0 scale mail (worn)
 c - a +0 buckler (worn)
 h - a scarf of repulsion (worn)
Jewellery
 i - a ring of magical power
Scrolls
 f - a scroll of brand weapon
Potions
 d - 3 potions of might
 e - 2 potions of heal wounds {unknown}
 g - a potion of berserk rage {unknown}
 j - 2 potions of curing {unknown}
 l - a potion of haste {unknown}


   Skills:
 + Level 4.3 Fighting
 + Level 4.1 Long Blades
 + Level 4.7 Armour
 + Level 0.3 Dodging
 + Level 0.2 Stealth
 + Level 4.3 Shields


You had 3 spell levels left.
You didn't know any spells.
Your spell library contained the following spells:

 Spells                   Type           Power      Damage    Failure   Level
 Sandblast                Erth           0%         2d4       80%         1
 Ensorcelled Hibernation  Hex/Ice        0%         N/A       91%         2
 Passwall                 Tmut/Erth      0%         N/A       91%         2
 Stone Arrow              Conj/Erth      0%         3d7       99%         3
 Tukima's Dance           Hex            0%         N/A       99%         3


Dungeon Overview and Level Annotations

Branches:
Dungeon (4/15)
 Temple: D:4-7

Altars:
Hepliaklqana
Nemelex Xobeh


Innate Abilities, Weirdness & Mutations

You have a pair of horns on your head.
You reflexively headbutt those who attack you in melee.


Message History

a +0 whip; a +0 ring mail; an orc corpse
Things that are here:
a +0 whip; a +0 ring mail; an orc corpse An orc comes into view.
It is wielding a +0 mace.
The orc hits you with a +0 mace.
You hit the orc. You burn the orc. Your headbutt misses the orc.
The orc is heavily wounded.
The orc hits you but does no damage.
You slash the orc! You burn the orc.
You kill the orc!
You see here a +0 mace.
You see here a +0 mace.
Things that are here:
a +0 whip; a +0 ring mail; an orc corpse You see here a +0 club.
Things that are here:
a +0 whip; a +0 ring mail; an orc corpse You see here a +0 mace.
Found a stone staircase leading up and a stone staircase leading down.
The orc warrior shouts!
You slash the orc warrior! You burn the orc warrior.
The orc warrior is heavily wounded.
The orc warrior hits you with a +0 dire flail of draining!
You feel drained.
The orc warrior hits you but does no damage.
You feel drained.
You barely miss the orc warrior.
The orc warrior is heavily wounded.
The orc warrior completely misses you. You furiously retaliate!
You headbutt the orc warrior!
You hit the orc warrior but do no damage.
The orc warrior is almost dead.
The orc warrior hits you with a +0 dire flail of draining!!
Ouch! That really hurt!
You feel drained.
* * * LOW HITPOINT WARNING * * *
You hit the orc warrior but do no damage.
The orc warrior is almost dead.
The orc warrior hits you with a +0 dire flail of draining!
You die...

#.#...#.....#
#.#.#.#..<#.#
#.#.#.#####.#
#.#.)..))...# #
##.#.#########
.###.#....#...
........###.###.##
..##.#....o......#
.. #<#..@.###.
....<..........>..
...#......#..###.#
. ......#.#....
#..##....#...##
........##...#
.###.. ...# ...
....


You could see an orc warrior.

Vanquished Creatures
  Crazy Yiuf (D:2)
  An orc priest (D:4)
  A worm (D:2)
  2 dart slugs (D:1)
  3 orcs
  4 ball pythons
  6 endoplasms
  3 giant cockroaches
  8 goblins
  5 hobgoblins
  5 jackals (D:1)
  3 quokkas
  3 bats
  5 frilled lizards
  3 kobolds
  10 rats
63 creatures vanquished.

Notes
Turn   | Place    | Note
-------+----------+-------------------------------------------
     0 | D:1      | Peloso the Minotaur Fighter began the quest for the Orb.
     0 | D:1      | Reached XP level 1. HP: 19/19 MP: 0/0
   154 | D:1      | Reached XP level 2. HP: 18/27 MP: 1/1
   276 | D:1      | Found a faded altar of an unknown god.
   608 | D:1      | Reached XP level 3. HP: 31/33 MP: 2/2
  1792 | D:2      | Reached XP level 4. HP: 20/40 MP: 3/3
  2098 | D:2      | Found a runed translucent door.
  2099 | D:2      | Noticed Crazy Yiuf
  2151 | D:2      | Killed Crazy Yiuf
  2420 | D:3      | Found a sparkling altar of Nemelex Xobeh.
  2613 | D:3      | Found a hazy altar of Hepliaklqana.
  3161 | D:4      | Noticed an orc warrior
  3226 | D:4      | Slain by an orc warrior

Illustrated notes

Levels and vault maps discovered:
D:1:      psy_arrival_radial02, layout_loops_ring,
          dreamdust_ecumenical_altar_hidden_monk_grotto,
          hangedman_abyss_or_decor_stabs, corexii_hall_statues_l,
          minmay_heptomino_w4
D:2:      layout_basic, minmay_statues_item, uniq_crazy_yiuf_cottage
D:3:      layout_loops_ring, nemelex_xobeh_ov_fountains_minmay,
          lemuel_tele_altar
D:4:      layout_basic, lemuel_round_altar, led_sif_pool, temple_pool_b,
          uniq_grinder

Skill      XL: |  1  2  3  4 |
---------------+-------------+-----
Fighting       | 4 |  4.3
Shields        | 4 |  4.3
Armour         | 4 |  4.7
Long Blades    | 3 4 |  4.1
Dodging        | |  0.3
Stealth        | |  0.2

Action                   |  1- 3 |  4- 6 || total
-------------------------+-------+-------++-------
Melee: Long sword        |   113 |    18 ||   131
       Headbutt          |    10 |     4 ||    14
  Use: Scroll            |     3 |     2 ||     5
Armor: Scale mail        |    50 |     4 ||    54
Dodge: Dodged            |    47 |     7 ||    54
Block: Buckler           |    22 |     1 ||    23

Table legend: (Time is in decaauts)
 A = Elapsed time spent in this place.
 B = Non-inter-level travel time spent in this place.
 C = Inter-level travel time spent in this place.
 D = Time resting spent in this place.
 E = Time spent auto-exploring this place.
 F = Levels seen in this place.
 G = Mean time per level.
                   A        B        C        D        E       F      G
               +--------+--------+--------+--------+--------+-----+--------+
         Total |   3257 |   3132 |    125 |      0 |   2614 |   4 |  814.2 |
       Dungeon |   3257 |   3132 |    125 |      0 |   2614 |   4 |  814.2 |
               +--------+--------+--------+--------+--------+-----+--------+

Top non-repeatable levels by time:
     D:1: 1267 daAuts
     D:2: 1182 daAuts
     D:3: 725 daAuts
     D:4: 82 daAuts
